 Dungeon Crawl Stone Soup version 0.29-a0-340-g6efceafd81 (webtiles) character file.

Game seed: 6213149741469435128

191 thiscave3701365 the Chopper (level 5, -4/70 HPs)
             Began as a Minotaur Berserker on Apr 19, 2022.
             Was a Believer of Trog.
             Slain by a gnoll sergeant
             ... wielding a +0 spear
              (6 damage)
             ... on level 4 of the Dungeon.
             The game lasted 00:02:28 (3897 turns).

thiscave3701365 the Chopper (Minotaur Berserker)    Turns: 3897, Time: 00:02:28

Health: -4/70      AC: 10    Str: 23    XL:     5   Next: 41%
Magic:  4/4        EV:  9    Int:  4    God:    Trog [**....]
Gold:   195        SH:  0    Dex: 10    Spells: 4/4 levels left

rFire   . . .      SeeInvis .   a - +0 hand axe
rCold   . . .      Faith    .   (no shield)
rNeg    . . .      Spirit   .   s - +0 chain mail
rPois   .          Reflect  .   (helmet restricted)
rElec   .          Harm     .   (no cloak)
rCorr   .          Rampage  .   m - +0 pair of gloves
Will    .....                   (no boots)
Stlth   ..........              (no amulet)
HPRegen 0.21/turn               (no ring)
MPRegen 0.09/turn               (no ring)

@: berserking, very quick
A: horns 2, retaliatory headbutt
a: Renounce Religion, Berserk, Trog's Hand


You were on level 4 of the Dungeon.
You worshipped Trog.
Trog was pleased with you.
You visited 1 branch of the dungeon, and saw 4 of its levels.

You collected 195 gold pieces.

Inventory:

Hand Weapons
 a - a +0 hand axe (weapon)
Armour
 m - a +0 pair of gloves (worn)
 s - a +0 chain mail (worn)
Wands
 k - a wand of paralysis (2)
 n - a wand of iceblast (8)
Scrolls
 f - a scroll of fear {unknown}
 g - 2 scrolls of blinking {unknown}
 h - a scroll of torment {unknown}
 j - 2 scrolls of identify {unknown}
 q - a scroll of fog {unknown}
 r - a scroll of teleportation {unknown}
Potions
 c - 6 potions of curing {unknown}
 d - a potion of invisibility {unknown}
 e - 2 potions of mutation {unknown}
 i - a potion of degeneration {unknown}
 l - 2 potions of attraction {unknown}
 o - 2 potions of brilliance {unknown}
 p - 3 potions of heal wounds {unknown}


   Skills:
 + Level 4.8 Fighting
 + Level 4.9 Axes
 + Level 4.0 Armour
 + Level 3.6 Dodging


You had 4 spell levels left.
You didn't know any spells.
Your spell library was empty.

Dungeon Overview and Level Annotations

Branches:
Dungeon (4/15)
 Temple: D:4-7

Altars:
Ru


Innate Abilities, Weirdness & Mutations

You have a pair of horns on your head.
You reflexively headbutt those who attack you in melee.


Message History

You barely miss the gnoll. The gnoll hits you with a +0 halberd!
The gnoll hits you from afar with a +0 halberd.
The gnoll hits you but does no damage.
The gnoll sergeant hits you but does no damage.
Unknown command.
There are monsters nearby!
There are monsters nearby!
Unknown command.
There are monsters nearby!
You slash the gnoll!
The gnoll is heavily wounded.
The gnoll hits you with a +0 halberd.
The gnoll hits you from afar with a +0 halberd.
The gnoll hits you from afar with a +0 spear.
The gnoll sergeant hits you from afar with a +0 spear.
* * * LOW HITPOINT WARNING * * *
You are too injured to fight recklessly!
There are monsters nearby!
Unknown command.
There are monsters nearby!
Unknown command.
You are too injured to fight recklessly!
You are too injured to fight recklessly!
A red film seems to cover your vision as you go berserk!
You feel yourself moving faster!
You feel mighty! The gnoll hits you with a +0 halberd.
* * * LOW HITPOINT WARNING * * *
The gnoll hits you from afar with a +0 halberd.
* * * LOW HITPOINT WARNING * * *
The gnoll closely misses you.
The gnoll sergeant hits you but does no damage.
You slash the gnoll!
You kill the gnoll!
Trog accepts your kill.
The gnoll hits you from afar with a +0 halberd.
* * * LOW HITPOINT WARNING * * *
The gnoll hits you from afar with a +0 spear.
* * * LOW HITPOINT WARNING * * *
The gnoll sergeant hits you from afar with a +0 spear.
You die... ..# +## ..##..# ....... g.... g... gg#

####)g#
#.<@..#
#<....#
#.........
#..........
#..........
.#...###+##
#######


You could see a gnoll sergeant and 4 gnolls.

Vanquished Creatures
  5 gnolls
  5 adders
  2 river rats (D:3)
  5 worms
  5 orcs (D:3)
  5 ball pythons
  5 endoplasms
  2 giant cockroaches
  10 goblins
  4 hobgoblins
  7 kobolds
  3 quokkas
  5 bats
  6 frilled lizards
  3 rats
72 creatures vanquished.

Notes
Turn   | Place    | Note
-------+----------+-------------------------------------------
     0 | D:1      | thiscave3701365 the Minotaur Berserker began the quest for
                  | the Orb.
     0 | D:1      | Reached XP level 1. HP: 19/19 MP: 0/0
    54 | D:1      | You fall into a shaft and drop 1 floor!
    63 | D:2      | Reached XP level 2. HP: 22/27 MP: 1/1
   496 | D:2      | Reached XP level 3. HP: 30/33 MP: 2/2
   566 | D:2      | Found a faded altar of an unknown god.
   705 | D:2      | Reached XP level 4. HP: 28/41 MP: 3/3
  1570 | D:1      | Reached ** piety under Trog
  2889 | D:3      | Reached XP level 5. HP: 47/47 MP: 4/4
  3455 | D:3      | Found a faded altar of an unknown god.
  3459 | D:3      | Found a sacrificial altar of Ru.
  3897 | D:4      | HP: 2/70 [gnoll/+0 spear (3)]
  3897 | D:4      | Slain by a gnoll sergeant

Illustrated notes

Levels and vault maps discovered:
D:1:      ebering_trefoil_3fold, layout_loops_ring
D:2:      layout_basic, chequers_ecumenical_altar_grove, minmay_pentomino_p4
D:3:      layout_loops_cross, nicolae_overflow_ecumenical_swirl,
          lightli_sewer_entry_pipes, saegor_snake_ambush
D:4:      layout_gridville, mainiacjoe_overflow_six_doors_small

Skill      XL: |  1  2  3  4  5 |
---------------+----------------+-----
Fighting       | 4 |  4.8
Axes           | 4 |  4.9
Armour         | 3 4 |  4.0
Dodging        | 3 |  3.6

Action                   |  1- 3 |  4- 6 || total
-------------------------+-------+-------++-------
Melee: Hand axe          |    42 |   119 ||   161
       Headbutt          |     5 |    15 ||    20
Invok: Berserk           |     3 |     3 ||     6
 Stab: Sleeping          |       |     3 ||     3
Armor: Animal skin       |    10 |    22 ||    32
       Chain mail        |       |     5 ||     5
Dodge: Dodged            |    27 |    87 ||   114

Table legend: (Time is in decaauts)
 A = Elapsed time spent in this place.
 B = Non-inter-level travel time spent in this place.
 C = Inter-level travel time spent in this place.
 D = Time resting spent in this place.
 E = Time spent auto-exploring this place.
 F = Levels seen in this place.
 G = Mean time per level.
                   A        B        C        D        E       F      G
               +--------+--------+--------+--------+--------+-----+--------+
         Total |   4013 |   3778 |    235 |    898 |   2411 |   4 | 1003.2 |
       Dungeon |   4013 |   3778 |    235 |    898 |   2411 |   4 | 1003.2 |
               +--------+--------+--------+--------+--------+-----+--------+

Top non-repeatable levels by time:
     D:3: 1904 daAuts
     D:2: 1451 daAuts
     D:1: 651 daAuts
     D:4: 5 daAuts
